 Dungeon Sprint DCSS version 0.28-a0-79-g444c7a33f5 (webtiles) character file.

Game seed: 11380899400845707719

4 Zeldest the Shield-Bearer (level 1, -5/21 HPs)
             Began as a Deep Dwarf Fighter on Aug 2, 2021.
             Slain by an ice beast (7 damage)
             ... in the Dungeon (Sprint IX: "|||||||||||||||||||||||||||||").
             The game lasted 00:00:07 (27 turns).

Zeldest the Shield-Bearer (Deep Dwarf Fighter)        Turns: 27, Time: 00:00:08

Health: -5/21      AC:  6    Str: 19    XL:     1   Next: 58%
Magic:  1/1        EV:  7    Int:  8    God:
Gold:   0          SH:  9    Dex: 12    Spells: 0/0 levels left

rFire   . . .      SeeInvis .   a - +0 long sword
rCold   . . .      Faith    .   c - +0 kite shield
rNeg    . . .      Spirit   .   b - +0 scale mail
rPois   .          Reflect  .   (no helmet)
rElec   .          Harm     .   (no cloak)
rCorr   .          Rampage  .   (no gloves)
Will    .....      NoTele   +   (no boots)
Stlth   ..........              (no amulet)
HPRegen 0.00/turn               (no ring)
MPRegen 0.07/turn               (no ring)

@: no status effects
A: damage resistance, heal wounds, sense surroundings 1, no regeneration
a: Heal Wounds


You were in the Dungeon.
You visited 1 branch

Inventory:

Hand Weapons
 a - a +0 long sword (weapon)
Armour
 b - a +0 scale mail (worn)
 c - a +0 kite shield (worn)
Scrolls
 j - a scroll of blinking
Potions
 d - a potion of might
 e - a potion of curing
 f - a potion of heal wounds
 g - a potion of haste
 h - 2 potions of magic
 i - a potion of berserk rage


   Skills:
 + Level 3.0 Fighting
 + Level 2.4 Long Blades
 + Level 3.6 Armour
 + Level 1.3 Dodging
 + Level 3.7 Shields


You couldn't memorise any spells.
You didn't know any spells.
Your spell library was empty.

Dungeon Overview and Level Annotations

Branches:
Dungeon (1/1)

Altars:


Innate Abilities, Weirdness & Mutations

You are resistant to damage.
You can heal yourself by infusing magical energy.
You passively map a small area around you.
You do not regenerate.


Message History

You barely miss the bat.
The bat is severely wounded.
You block the bat's attack. The bat hits you but does no damage.
You closely miss the bat.
The bat is severely wounded.
You block the bat's attack. The bat hits you but does no damage.
You block the bat's attack.
You barely miss the bat.
The bat is severely wounded.
The bat closely misses you. You block the bat's attack.
You slash the bat!
You kill the bat!
You see here a bat corpse.
You open the door.
An adder, a hound, an ice beast, a shadow imp and a phantom come into view.
The hound barks!
The shadow imp shouts, "Give up, thou weedy fly-bitten pumpion!"
The shadow imp disappears for a moment.
You barely miss the ice beast. The ice beast barely misses you.
You hit the ice beast but do no damage. The ice beast hits you.
The ice beast freezes you!
Ouch! That really hurt!
You block the ice beast's attack.
You hit the ice beast but do no damage. The ice beast hits you.
* * * LOW HITPOINT WARNING * * *
The ice beast freezes you.
* * * LOW HITPOINT WARNING * * *
You hit the ice beast but do no damage.
The ice beast hits you but does no damage. x2
You hit the ice beast.
The ice beast is lightly wounded.
The ice beast hits you but does no damage.
You hit the ice beast.
The ice beast is moderately wounded.
The ice beast hits you but does no damage. x2
You hit the ice beast but do no damage.
The ice beast is moderately wounded.
The hound stops to sniff the ground.
The ice beast hits you. The ice beast freezes you!
You die...

▓.▓
▓.▓
*,
▓.▓ *
,▓)▓
*,
▓†▓ ,
▓.▓ *
* ▓.▓
▓.▓
,*
▓@▓
,▓Y▓
* ▓S▓
▓W▓
*,▓h▓
, ,
▓5▓
▓.▓
▓+▓


You could see a phantom, an ice beast, a hound, an adder and a shadow imp.

Vanquished Creatures
  A jackal (D)
  A kobold (D)
  A bat (D)
  2 rats (D)
5 creatures vanquished.

Notes
Turn   | Place    | Note
-------+----------+-------------------------------------------
     0 | D        | Zeldest the Deep Dwarf Fighter began the quest for the Orb.
     0 | D        | Reached XP level 1. HP: 20/20 MP: 1/1
     7 | D        | Reached skill level 1 in Dodging
    20 | D        | Noticed an ice beast
    20 | D        | Noticed a phantom
    20 | D        | Noticed a hound
    27 | D        | Slain by an ice beast

Illustrated notes

Levels and vault maps discovered:
D:        linesprint [early_d, line_temple, items_1, d_10, items_2, lair_1,
          lair_end, items_3, orc_1, orc_end, items_4, d_15, swamp_1, shoals_1,
          snake_1, spider_1, d_20, vaults_1, items_5, swamp_end, shoals_end,
          snake_end, spider_end, vaults_end, d_27, items_6, zot_1, zot_end,
          crypt_end, forest_end, elf_end, slime_end, tomb_end, abyss_end,
          pan_hell_end]

Skill      XL: |  1 |
---------------+----+-----
Dodging        | 1 |  1.3
Fighting       | 3 |  3.0
Long Blades    | |  2.4
Armour         | |  3.6
Shields        | |  3.7

Action                   || total
-------------------------++-------
Melee: Long sword        ||    17
Armor: Scale mail        ||    11
Dodge: Dodged            ||     4
Block: Kite shield       ||     9

Table legend: (Time is in decaauts)
 A = Elapsed time spent in this place.
 B = Non-inter-level travel time spent in this place.
 C = Inter-level travel time spent in this place.
 D = Time resting spent in this place.
 E = Time spent auto-exploring this place.
 F = Levels seen in this place.
 G = Mean time per level.
                   A        B        C        D        E       F      G
               +--------+--------+--------+--------+--------+-----+--------+
         Total |     35 |     35 |      0 |      0 |      0 |   1 |   35.0 |
       Dungeon |     35 |     35 |      0 |      0 |      0 |   1 |   35.0 |
               +--------+--------+--------+--------+--------+-----+--------+

Top non-repeatable levels by time:
       D: 35 daAuts
